Map: Corrosion EC

Players

HoldTheDoor

  • Race: Protoss Protoss
  • League: Diamond
  • Spawn Location: 5:00

Afforde - Winner!

  • Race: Protoss Protoss
  • Spawn Location: 11:00

VOD

Have the link to the VOD?

Description

Time

  • Played on: July 5, 2018, 10:13 a.m.
  • Length: 18:11
Show
View Real Time Build Order
Export as new Build Order

HoldTheDoor Protoss 

Build Orders:  

Get SALT Encoding   

  12  0:00  Probe  
  13  0:13  Probe  
  14  0:18  Pylon  
  14  0:25  Probe  
  15  0:35  Probe  
  15  0:38  Gateway  
  16  0:43  Probe  
  16  0:44  Assimilator  
  17  0:51  Probe  
  18  1:03  Probe  
  19  1:06  Gateway  
  19  1:14  Assimilator  
  19  1:15  Probe  
  20  1:27  Cybernetics Core, Probe  
  21  1:35  Pylon  
  21  1:39  Probe  
  22  1:45  Warp Gate  
  22  1:51  Probe  
  23  2:04  Stalker x2  
  23  2:08  Probe  
  28  2:15  Pylon  
  28  2:20  Probe  
  29  2:33  Probe  
  29  2:34  Stalker x2  
  34  2:45  Probe  
  34  2:50  Robotics Facility  
  35  2:58  Probe  
  36  3:10  Probe  
  37  3:26  Nexus  
  37  3:32  Pylon  
  35  3:38  Immortal  
  39  3:50  Probe  
  39  3:53  Stalker, Pylon  
  42  3:56  Sentry  
  44  4:03  Probe  
  45  4:12  Stargate  
  45  4:15  Probe  
  46  4:17  Pylon  
  46  4:21  Observer  
  47  4:27  Probe  
  47  4:28  Stalker x2  
  52  4:39  Probe  
  52  4:43  Assimilator  
  53  4:49  Immortal  
  53  4:52  Probe  
  58  4:53  Probe  
  58  4:56  Phoenix  
  59  5:04  Probe  
  62  5:07  Probe  
  62  5:13  Pylon  
  63  5:16  Assimilator, Probe  
  63  5:17  Stalker  
  66  5:22  Stalker  
  66  5:26  Probe  
  69  5:28  Probe  
  70  5:45  Void Ray  
  70  5:49  Stalker x2  
  74  5:52  Observer, Probe x2  
  81  6:04  Probe  
  81  6:05  Probe  
  83  6:12  Forge  
  83  6:14  Forge  
  83  6:16  Probe  
  83  6:17  Pylon  
  84  6:22  Protoss Air Weapons Level 1  
  84  6:24  Pylon  
  84  6:27  Fleet Beacon  
  84  6:28  Protoss Ground Weapons Level 1  
  84  6:38  Protoss Ground Armor Level 1  
  84  6:39  Pylon  
  84  6:40  Void Ray  
  88  6:54  Zealot x2  
  92  7:08  Gateway  
  92  7:10  Gateway  
  92  7:13  Twilight Council  
  92  7:15  Pylon  
  92  7:17  Probe x2  
  92  7:18  Pylon  
  92  7:19  Carrier  
  100  7:51  Nexus  
  100  7:53  Pylon  
  100  7:55  Assimilator, Zealot x2  
  104  8:00  Charge  
  104  8:21  Protoss Air Weapons Level 2, Assimilator  
  104  8:22  Pylon  
  104  8:25  Photon Cannon, Pylon  
  104  8:26  Protoss Ground Weapons Level 2  
  104  8:30  Graviton Catapult  
  104  8:31  Stargate  
  104  8:52  Zealot x4  
  112  9:06  Carrier  
  118  9:10  Probe  
  118  9:11  Probe  
  118  9:12  Probe  
  121  9:19  Shield Battery  
  121  9:24  Photon Cannon  
  121  9:26  Probe x3  
  121  9:28  Protoss Shields Level 1  
  124  9:37  Stalker x2  
  128  9:38  Probe x2  
  128  9:45  Carrier  
  130  9:53  Stalker x2  
  130  9:56  Blink  
  140  10:09  Probe x3  
  140  10:12  Stalker  
  145  10:14  Stalker  
  145  10:21  Probe x2  
  149  10:24  Stalker  
  149  10:25  Stalker  
  153  10:29  Protoss Air Armor Level 1  
  153  10:37  Carrier  
  159  10:52  Stalker x3  
  165  10:58  Protoss Ground Weapons Level 3, Pylon  
  165  11:03  Pylon  
  165  11:05  Protoss Shields Level 2  
  165  11:17  Zealot x4  
  173  11:31  Carrier  
  179  11:38  Stargate  
  179  11:47  Nexus  
  178  12:15  Pylon  
  178  12:19  Assimilator  
  178  12:20  Pylon  
  178  12:21  Pylon  
  178  12:25  Pylon  
  178  12:29  Photon Cannon x2, Pylon  
  178  12:31  Photon Cannon  
  178  12:33  Shield Battery, Carrier  
  178  12:34  Shield Battery, Immortal  
  178  12:35  Pylon  
  188  12:37  Pylon  
  188  12:40  Pylon  
  188  12:43  Assimilator  
  188  12:47  Shield Battery, Photon Cannon  
  188  12:50  Probe x2  
  190  12:52  Probe  
  191  13:03  Photon Cannon x2  
  191  13:06  Pylon  
  191  13:08  Shield Battery  
  191  13:09  Shield Battery  
  191  13:11  Protoss Shields Level 3  
  191  13:13  Pylon  
  191  13:15  Protoss Air Weapons Level 3  
  191  13:16  Carrier  
  191  13:18  Protoss Ground Armor Level 2  
  197  13:37  Observer  
  198  13:49  Zealot  
  200  14:21  Photon Cannon  
  200  14:23  Photon Cannon  
  200  14:26  Shield Battery  
  200  14:28  Shield Battery  
  200  14:37  Photon Cannon  
  200  14:43  Photon Cannon  
  200  14:45  Shield Battery  
  194  15:08  Zealot x3  
  192  15:25  Protoss Ground Armor Level 3  
  192  15:32  Templar Archives  
  192  15:44  Protoss Air Armor Level 2  
  192  15:58  Pylon  
  190  16:44  Nexus  
  190  16:47  Pylon  
  112  17:32  Zealot x2  
  112  17:33  Zealot x2  
  84  17:53  Zealot x4  
Show
View Real Time Build Order
Export as new Build Order

Afforde Protoss - Winner!

Build Orders:  

Get SALT Encoding   

  12  0:00  Probe  
  13  0:13  Probe  
  14  0:19  Pylon  
  14  0:25  Probe  
  15  0:33  Probe  
  15  0:41  Probe, Gateway  
  16  0:46  Assimilator  
  17  0:51  Probe  
  17  0:55  Assimilator  
  18  0:59  Probe  
  19  1:07  Probe  
  19  1:16  Gateway  
  19  1:18  Probe  
  21  1:30  Cybernetics Core, Probe  
  22  1:41  Pylon  
  22  1:42  Probe  
  23  1:59  Probe  
  24  2:07  Stalker  
  24  2:08  Warp Gate, Stalker  
  28  2:30  Nexus  
  27  2:47  Shield Battery  
  27  2:51  Sentry  
  27  2:56  Stalker  
  27  2:57  Pylon  
  31  3:14  Robotics Facility  
  31  3:15  Probe  
  32  3:32  Shield Battery  
  32  3:38  Probe  
  32  3:39  Probe  
  33  3:47  Probe  
  34  3:51  Probe  
  34  3:54  Shield Battery  
  36  3:55  Observer  
  36  3:58  Twilight Council  
  37  4:02  Forge  
  37  4:09  Gateway  
  37  4:13  Observer, Probe  
  37  4:14  Probe  
  40  4:25  Probe  
  40  4:26  Probe  
  42  4:34  Assimilator  
  42  4:38  Assimilator  
  42  4:42  Gateway  
  42  4:43  Probe x2  
  44  4:50  Immortal  
  48  4:59  Probe x2  
  50  5:03  Pylon  
  50  5:11  Probe x2  
  50  5:12  Blink  
  50  5:13  Protoss Ground Weapons Level 1  
  52  5:20  Stalker  
  54  5:26  Pylon  
  54  5:37  Stalker x2  
  58  5:55  Immortal  
  58  6:08  Probe x2  
  64  6:16  Stalker  
  64  6:17  Stalker  
  68  6:21  Nexus  
  68  6:24  Pylon  
  67  6:28  Pylon  
  67  6:32  Forge  
  67  6:38  Probe x2  
  69  6:43  Immortal  
  73  6:51  Pylon  
  73  6:53  Pylon  
  73  6:55  Probe  
  73  6:56  Probe  
  73  6:57  Photon Cannon, Protoss Ground Weapons Level 2  
  73  6:58  Protoss Ground Armor Level 1  
  73  6:59  Shield Battery  
  75  7:11  Templar Archives  
  75  7:17  Pylon  
  75  7:20  Charge  
  75  7:28  Pylon  
  75  7:30  Pylon  
  75  7:40  Probe x2  
  75  7:41  Probe  
  75  7:42  Immortal  
  75  7:43  Stalker  
  75  7:44  Stalker  
  82  7:52  Probe x2  
  82  7:57  High Templar x2  
  92  8:05  Archon  
  92  8:13  Probe x2, Photon Cannon  
  92  8:14  Probe  
  92  8:18  High Templar x2  
  99  8:24  Gateway  
  99  8:25  Probe, Archon  
  99  8:26  Gateway  
  100  8:31  High Templar x2  
  100  8:33  Immortal  
  108  8:35  Archon  
  108  8:41  Phoenix  
  108  8:46  Gateway  
  108  8:47  Gateway x2  
  108  8:49  Gateway  
  108  8:54  Assimilator  
  108  8:56  Probe x3  
  108  8:57  Assimilator  
  108  8:59  High Templar  
  108  9:00  High Templar  
  115  9:04  Archon  
  115  9:25  Probe x3  
  115  9:26  Protoss Ground Weapons Level 3  
  118  9:37  Protoss Ground Armor Level 2, Probe x3  
  121  9:44  Nexus  
  121  9:46  Pylon  
  121  9:48  High Templar x2  
  121  9:49  High Templar x2  
  121  9:50  Pylon  
  129  10:08  Assimilator  
  129  10:12  Assimilator  
  129  10:14  Shield Battery  
  129  10:15  Photon Cannon  
  129  10:18  High Templar  
  129  10:19  Photon Cannon  
  129  10:20  High Templar  
  129  10:21  Shield Battery  
  133  10:24  Archon  
  133  10:26  Zealot x3  
  133  10:27  Archon  
  133  10:28  Archon  
  139  10:30  Zealot  
  141  10:44  Pylon  
  141  10:47  Pylon  
  141  10:58  Gateway  
  141  10:59  Gateway  
  141  11:00  Shield Battery, Photon Cannon  
  141  11:03  Probe x2  
  141  11:04  Nexus, Probe x2  
  145  11:06  Pylon  
  145  11:08  Pylon  
  145  11:12  Stargate, Pylon  
  145  11:13  Stargate, Pylon  
  145  11:15  Stargate  
  145  11:19  Stargate  
  145  11:24  Probe x3  
  145  11:25  Probe  
  149  11:28  High Templar  
  149  11:29  High Templar  
  149  11:30  High Templar  
  155  11:34  Archon  
  155  11:35  High Templar  
  155  11:38  Archon  
  155  11:39  Warp Prism  
  159  11:51  Dark Shrine  
  159  12:03  Fleet Beacon  
  159  12:09  Photon Cannon  
  159  12:10  Shield Battery  
  159  12:11  Protoss Air Weapons Level 1  
  159  12:15  Observer, Shield Battery, Photon Cannon  
  160  12:18  Shield Battery  
  160  12:22  Photon Cannon  
  160  12:26  Assimilator  
  160  12:31  Assimilator, Carrier x3  
  160  12:32  Carrier  
  172  12:54  Protoss Shields Level 1  
  172  12:57  Graviton Catapult  
  184  13:12  Probe  
  185  13:20  Probe  
  186  13:50  Gateway  
  186  13:52  Gateway  
  186  13:55  Gateway  
  186  13:57  Gateway  
  186  14:00  Carrier x3  
  196  14:49  Photon Cannon  
  196  14:51  Photon Cannon  
  196  14:52  Shield Battery  
  196  14:55  Shield Battery  
  196  14:57  Carrier  
  172  15:21  Carrier x3  
  162  15:26  High Templar x5  
  162  15:27  Protoss Air Weapons Level 2, High Templar x4  
  198  15:33  Archon  
  198  15:34  Archon x3  
  198  15:36  High Templar  
  200  15:46  Archon  
  200  15:54  Protoss Shields Level 2  
  200  16:19  Pylon  
  200  16:22  Pylon  
  188  17:04  High Templar  
  188  17:05  High Templar x5  
  200  17:08  Archon  
  200  17:09  Archon x2  
  172  17:26  Stalker x4  
  180  17:57  Probe  
  180  18:04  Zealot  
Tags
 
League
Diamond
Matchup
PvP
Spawn Locations
Cross Positions
Add a new tag
Caveats
  • Supply blocks, unpowered buildings, or Contaminate may cause inaccurate times.
  • Supply counts are checked every 10 seconds.